 Dungeon Crawl Stone Soup version 0.31.0-32-g396128a36d (webtiles) character file.

Game seed: 986097762031634332

32771 Mattviviwu the Warrior (level 13, -7/119 (141) HPs)
             Began as a Purple Draconian Shapeshifter on Apr 22, 2024.
             Was a High Priest of Ashenzari.
             Mangled by a spectral orc warlord
             ... wielding a +1 great sword
             ... summoned by Nergalle
              (8 damage)
             ... on level 2 of the Lair of Beasts on Apr 23, 2024.
             The game lasted 01:12:12 (14550 turns).

Mattviviwu the Warrior (DrSh)                      Turns: 14550, Time: 01:12:14

HP:   -7/119 (141)  AC: 12    Str: 27    XL:     13   Next: 33%
MP:   13/13         EV: 28    Int: 10    God:    Ashenzari [*****.]
Gold: 1042          SH:  0    Dex: 16    Spells: 12/12 levels left

rFire   . .          .
                       - Unarmed
rCold   . . .        y - melded orb of Panopticon {*channel, Melee, Sorc} (curse)
rNeg    . . .        (body armour unavailable)
rPois   +            I - melded +2 hat of the Wild Blue Yonder {Self, Comp} (curse)
rElec   .            (cloak currently unavailable)
rCorr   .            p - melded +1 pair of gloves "Shackled Together" {Dev, Fort} (curse)
SInv    +            J - melded +0 pair of boots of the Fated Adversity {Sorc, Dev} (curse)
Will    +....        o - amulet "Share My Yoke" {Acrobat, Melee, Cun} (curse)
Stlth   ++           e - ring of the Perceptive Fetters {SInv, Fort, Melee} (curse)
HPRegen 0.39/turn    i - ring "Submission of Ashenzari" {rPois, Cun, Melee} (curse)
MPRegen 0.13/turn

%: acrobat, clarity
@: dragon-form, acrobatic, flying, studying 2 skills, heavily drained
A: dragon claw, dragon scales, flying, boosted hp, breathe power, AC +8, giant,
unfitting armour, (cold-blooded)
a: Breathe Dispelling Energy, Begin Untransformation, Renounce Religion, Curse
Item, Shatter the Chains


You were on level 2 of the Lair of Beasts.
You worshipped Ashenzari.
Ashenzari was extremely pleased with you.
You were a fearsome quicksilver dragon!
You visited 3 branches of the dungeon, and saw 14 of its levels.
You also visited: Sewer, Ossuary and Ice Cave.

You collected 1469 gold pieces.
You spent 427 gold pieces at shops.

Inventory:

Missiles
 u - 28 poisoned darts
 D - a throwing net
 N - 6 boomerangs
 Q - 11 javelins
 R - 7 curare-tipped darts
Armour
 k - a +2 kite shield of cold resistance
 p - the cursed +1 pair of gloves "Shackled Together" (melded) {Dev, Fort}
   (You found it on level 3 of the Dungeon)

   It has a curse which improves the following skills: Devices: Evocations and
   Shapeshifting.
   Fortitude: Shields.
 y - the cursed orb of Panopticon (melded) {*channel, Melee, Sorc}
   (You found it on level 4 of the Dungeon)

   It has a curse which improves the following skills: Melee Combat: Short
   Blades, Long Blades, Axes, Maces & Flails, Polearms, Staves and Unarmed
   Combat.
   Sorcery:   Conjurations and Alchemy.
 I - the cursed +2 hat of the Wild Blue Yonder (melded) {Self, Comp}
   (You bought it in a shop on level 4 of the Dungeon)

   It has a curse which improves the following skills: Introspection: Fighting
   and Spellcasting.
   Companions: Summonings and Necromancy.
 J - the cursed +0 pair of boots of the Fated Adversity (melded) {Sorc, Dev}
   (You bought it in a shop on level 4 of the Dungeon)

   It has a curse which improves the following skills: Sorcery: Conjurations and
   Alchemy.
   Devices:   Evocations and Shapeshifting.
 U - a +1 pair of boots of rampaging
Jewellery
 e - the cursed ring of the Perceptive Fetters (left foreclaw) {SInv, Fort, Melee}
   (You found it on level 1 of the Dungeon)

   [ring of see invisible]

   SInv:      It lets you see invisible.
   It has a curse which improves the following skills: Fortitude: Shields.
   Melee Combat: Short Blades, Long Blades, Axes, Maces & Flails, Polearms,
   Staves and Unarmed Combat.
 g - a ring of ice
 i - the cursed ring "Submission of Ashenzari" (right foreclaw) {rPois, Cun, Melee}
   (You found it on level 1 of the Dungeon)

   [ring of poison resistance]

   rPois:     It protects you from poison It has a curse which improves the
   following skills: Cunning: Dodging and Stealth.
   Melee Combat: Short Blades, Long Blades, Axes, Maces & Flails, Polearms,
   Staves and Unarmed Combat.
 o - the cursed amulet "Share My Yoke" (around neck) {Acrobat, Melee, Cun}
   (You found it on level 3 of the Dungeon)

   [amulet of the acrobat]

   Acrobat:   It increases your evasion while moving and waiting.
   It has a curse which improves the following skills: Melee Combat: Short
   Blades, Long Blades, Axes, Maces & Flails, Polearms, Staves and Unarmed
   Combat.
   Cunning:   Dodging and Stealth.
 v - an amulet of regeneration
 K - a +4 ring of protection
Talismans
 c - a flux talisman
 M - a dragon-blood talisman (active)
 V - a serpent talisman
Wands
 G - a wand of light (16)
 H - a wand of mindburst (27)
 O - a wand of paralysis (18)
 S - a wand of flame (21)
Scrolls
 d - 3 scrolls of noise
 f - 2 scrolls of immolation
 l - 4 scrolls of vulnerability
 n - 6 scrolls of fog
 q - 2 scrolls of amnesia
 s - a scroll of fear
 w - 3 scrolls of teleportation
 A - 5 scrolls of poison
 C - a scroll of revelation
 T - a scroll of silence
Potions
 a - 4 potions of haste
 b - 3 potions of brilliance
 h - 2 potions of cancellation
 j - 7 potions of curing
 m - a potion of mutation
 r - 2 potions of lignification
 t - 2 potions of heal wounds
 z - 5 potions of attraction
 B - 3 potions of berserk rage
 E - 2 potions of might
 L - a potion of ambrosia
Miscellaneous
 x - a condenser vane


   Skills:
 + Level 15.0 Fighting
 + Level 7.8(11.0) Dodging
 + Level 12.3(16.4) Unarmed Combat
 - Level 5.5 Evocations
 * Level 13.5 Shapeshifting


You had 12 spell levels left.
You didn't know any spells.
Your spell library contained the following spells:

 Spells                   Type           Power      Damage    Failure   Level
 Freeze                   Ice            0%         1d3       36%         1
 Magic Dart               Conj           0%         1d3       36%         1
 Necrotise                Necr           0%         1d4       36%         1
 Sandblast                Erth           0%         2d4       36%         1
 Summon Small Mammal      Summ           0%         N/A       36%         1
 Blink                    Tloc           0%         N/A       50%         2
 Call Imp                 Summ           0%         N/A       50%         2
 Call Canine Familiar     Summ           0%         N/A       75%         3
 Frozen Ramparts          Ice            0%         1d1       75%         3
 Hailstorm                Conj/Ice       0%         3d5       75%         3
 Passwall                 Erth           0%         N/A       75%         3
 Stone Arrow              Conj/Erth      0%         3d7       75%         3
 Vampiric Draining        Necr           0%         2d6       75%         3
 Volatile Blastmotes      Fire/Tloc      0%         2d10      75%         3
 Brom's Barrelling Bould  Conj/Erth      0%         2d3       98%         4
 Fulminant Prism          Conj/Alch      0%         3d5       98%         4
 Iskenderun's Mystic Bla  Conj/Tloc      0%         2d3       98%         4
 Martyr's Knell           Necr/Summ      0%         N/A       98%         4
 Summon Blazeheart Golem  Fire/Summ      0%         N/A       98%         4
 Curse of Agony           Necr           0%         N/A       100%        5
 Summon Forest            Summ/Tloc      0%         N/A       100%        5
 Summon Mana Viper        Hex/Summ       0%         N/A       100%        5
 Eringya's Noxious Bog    Alch           0%         4d6       100%        6
 Summon Cactus Giant      Summ           0%         N/A       100%        6
 Orb of Destruction       Conj           0%         9d5       100%        7
 Spellforged Servitor     Conj/Summ      0%         N/A       100%        7
 Summon Hydra             Summ           0%         N/A       100%        7


Dungeon Overview and Level Annotations

Branches:
Dungeon (11/15)            Temple (1/1) D:4            Lair (2/5) D:11
    Orc (0/2) D:9           Sewer (visited)         Ossuary (visited)
  IceCv (visited)
  Swamp: Lair:2-3    Shoals: Lair:2-3     Snake: Lair:2-3    Spider: Lair:2-3

Altars:
Ashenzari
Cheibriados
Dithmenos
Elyvilon
Fedhas
Gozag
Hepliaklqana
Kikubaaqudgha
Makhleb
Nemelex Xobeh
Okawaru
Qazlal
Ru
Sif Muna
Trog
Uskayaw
Vehumet
Wu Jian
Xom
Yredelemnul
Zin
The Shining One

Shops:
D:4 [[:   D:9 [

Annotations:
Lair:2 Nergalle


Innate Abilities, Weirdness & Mutations

You are a fearsome quicksilver dragon!
You have a powerful clawing attack.
Your giant scaled body is strong and resilient, but less evasive.
Your breath weapon is enhanced in this form.
You are flying.
Your maximum health is increased.
Your armour is entirely melded.
You are incapable of wielding weapons or throwing items.
You can breathe bolts of dispelling energy.
Your rich purple scales are hard. (AC +8)
You cannot fit into any form of body armour.
((You are cold-blooded and may be slowed by cold attacks.))


Message History

You hit the black bear.
You tail-slap the black bear, but do no damage.
The black bear is lightly wounded.
The spectral orc warlord hits you with a +1 great sword!
You feel drained. The black bear bites you.
The black bear claws you but does no damage. x2
You hit the black bear. Your claw misses the black bear.
You bite the black bear!
The black bear is severely wounded.
The spectral orc warrior barely misses you.
The spectral orc closely misses you.
You barely miss the black bear.
The black bear is severely wounded.
The spectral orc warlord hits you with a +1 great sword!
You feel drained.
The black bear goes berserk!
The spectral orc warrior barely misses you.
You maul the black bear!!!
You kill the black bear!
The spectral orc hits you but does no damage.
The spectral orc warlord closely misses you.
Nergalle points at you and mumbles some strange words.
Orcish apparitions take form around you.
The spectral orc warrior hits you.
* * * LOW HITPOINT WARNING * * *
You feel drained.
* * * LOW HITPOINT WARNING * * *
You maul the spectral orc warrior!!!
You destroy the spectral orc warrior!
The spectral orc warrior disappears in a puff of smoke!
The spectral orc hits you but does no damage.
The spectral orc warlord hits you with a +1 great sword!
* * * LOW HITPOINT WARNING * * *
Nergalle casts a spell at you.
The bolt of negative energy hits the spectral orc warlord.
The spectral orc warlord completely resists.
The bolt of negative energy hits you!
You feel drained.
* * * LOW HITPOINT WARNING * * *
The spectral orc warrior closely misses you.
The spectral orc warlord hits you with a +1 great sword!
You die...

** **,,,,,*,**,,
,#####.....P.#.##,
,................,
,.....~~~~.......,
,...~~~~~~~......,
,...~≈~≈≈≈~~~..#*,
*...~~≈≈~≈≈≈~..#*,
,,#.~≈~~..~≈≈~.#.,
*,#.~≈~oZD~~~~...,
,..~≈~~.ZZ~~~..#.,
,...~≈~Z≈≈≈~~....,
,....~≈~≈≈~≈.....,
*....~~≈≈~~~.....,
,#..~...~~$....#.,
*#.##.###~..?..#*,
*#.,##*,/.......#,
**,** *,.≈≈≈§≈≈..,


You could see Nergalle, a spectral orc (summoned), 2 spectral orc warriors and a
spectral orc warlord (summoned).

Vanquished Creatures
  A frost giant (IceCv)
  Josephine (D:11)
  Erolcha (D:11)
  A two-headed ogre (D:8)
  A boulder beetle (D:11)
  5 death yaks (IceCv)
  Sonja (D:11)
  Lodul (D:11)
  Pikel (D:8)
  2 ugly things
  A cyclops (D:8)
  A manticore (D:9)
  An ice statue (IceCv)
  A gargoyle (D:11)
  2 black mambas (Lair:1)
  A cane toad (Lair:1)
  9 rime drakes
  4 kobold demonologists
  3 komodo dragons
  5 polar bears
  A troll (D:11)
  5 blink frogs (Lair:1)
  2 hornets
  A vampire (D:8)
  A fire elemental (D:9)
  A shadow (D:9)
  4 wyverns
  28 yaks
  4 fire bats (D:9)
  5 wraiths (D:11)
  5 vampire mosquitoes
  5 basilisks
  A hell hound (D:9)
  An acid dragon (D:10)
  2 water moccasins (Lair:1)
  13 orc warriors
  3 black bears
  5 ice beasts
  3 centaurs
  10 ogres
  15 wolves
  5 kobold brigands
  A phantom (D:7)
  7 bullfrogs
  2 scorpions (Ossuary)
  8 wights
  6 killer bees (D:8)
  3 electric eels (D:11)
  8 howler monkeys
  2 lava snakes (D:9)
  2 bombardier beetles
  2 hounds
  A human zombie (Ossuary)
  A jelly (D:7)
  9 orc priests
  2 sleepcaps (D:5)
  Terence (D:2)
  A hell rat (Sewer)
  An iguana (D:6)
  4 scorpion zombies (Ossuary)
  6 orc wizards
  3 mummies (Ossuary)
  3 adders
  4 gnolls
  A river rat (Sewer)
  2 white imps (D:7)
  3 adder zombies (Ossuary)
  3 dart slugs
  2 ribbon worms (D:3)
  43 orcs
  6 ball pythons
  6 endoplasms
  3 giant cockroaches
  2 gnoll zombies (Ossuary)
  9 goblins
  9 hobgoblins
  A jackal (D:1)
  3 quokkas
  2 bats
  3 frilled lizards (D:3)
  3 jackal zombies (Ossuary)
  22 kobolds
  4 kobold zombies (Ossuary)
  13 rats
380 creatures vanquished.

Notes
Turn   | Place    | Note
-------+----------+-------------------------------------------
     0 | D:1      | Mattviviwu the Draconian Shapeshifter began the quest for
                  | the Orb.
     0 | D:1      | Reached XP level 1. HP: 16/16 MP: 1/1
   159 | D:1      | Found a faded altar of an unknown god.
   165 | D:1      | Prayed at the altar of an unknown god.
   165 | D:1      | Became a worshipper of Ashenzari the Shackled
   243 | D:1      | Reached XP level 2. HP: 23/23 MP: 2/2
   754 | D:2      | Reached XP level 3. HP: 25/28 MP: 3/3
   797 | D:2      | Found the +1 Delatra's gloves {ID++}
  1030 | D:2      | Reached * piety under Ashenzari
  1033 | D:2      | Noticed Terence
  1041 | D:2      | Killed Terence
  1042 | D:2      | Reached XP level 4. HP: 25/35 MP: 4/4
  1392 | D:3      | Reached skill level 5 in Unarmed Combat
  1528 | D:3      | Found a glowing drain.
  1532 | Sewer    | Entered a sewer
  1639 | Sewer    | Reached XP level 5. HP: 16/40 MP: 5/5
  2062 | D:3      | Found the +4 robe of Augmentation {Str+4 Int+4 Dex+4}
  2379 | D:3      | Reached XP level 6. HP: 47/47 MP: 6/6
  2499 | D:4      | Found Ziuqais's Armour Boutique.
  2518 | D:4      | Found Xeneutirue's Armour Shop.
  2593 | D:4      | Found a staircase to the Ecumenical Temple.
  2600 | Temple   | Entered the Ecumenical Temple
  2773 | D:4      | Found Vuth's Book Emporium.
  2948 | D:4      | Found a glowing silver altar of Zin.
  2948 | D:4      | Found an iron altar of Okawaru.
  2961 | D:5      | Entered Level 5 of the Dungeon
  2974 | D:5      | Noticed an ice beast
  2979 | D:5      | Killed an ice beast
  3023 | D:5      | Found a bloodstained altar of Trog.
  3098 | D:5      | Your scales start taking on a rich purple colour.
  3098 | D:5      | Reached XP level 7. HP: 19/52 MP: 7/7
  3401 | D:5      | Reached skill level 5 in Shapeshifting
  3593 | D:5      | Found a shimmering blue altar of Sif Muna.
  3820 | D:6      | Found a sand-covered staircase.
  3829 | Ossuary  | Entered an ossuary
  4058 | Ossuary  | Reached skill level 2 in Fighting
  4310 | Ossuary  | Reached skill level 3 in Fighting
  4315 | Ossuary  | Reached XP level 8. HP: 60/63 MP: 8/8
  4458 | D:6      | Reached ** piety under Ashenzari
  4596 | D:6      | Found a shimmering altar of Xom.
  4630 | D:6      | Reached skill level 4 in Fighting
  4963 | D:6      | Found a broken altar of Ashenzari.
  4967 | D:6      | Saw a vision of the Swamp and the Snake Pit.
  4967 | D:6      | Noticed a naga sharpshooter
  4967 | D:6      | Noticed a black mamba
  4967 | D:6      | Noticed a naga mage
  4967 | D:6      | Noticed a tyrant leech
  4967 | D:6      | Noticed a mana viper
  4968 | D:6      | Noticed a salamander
  4968 | D:6      | Noticed a naga mage
  5197 | D:6      | Reached *** piety under Ashenzari
  5252 | D:7      | Identified the +8 ring mail of Utho {*Slow Str+3 Dex+3
                  | SInv}
  5275 | D:7      | Reached skill level 5 in Fighting
  5516 | D:7      | Reached skill level 6 in Fighting
  5768 | D:4      | Bought a +2 hat for 192 gold pieces
  5768 | D:4      | Bought a +0 pair of boots for 54 gold pieces
  6069 | D:7      | Reached skill level 7 in Fighting
  6073 | D:7      | Reached XP level 9. HP: 79/79 MP: 9/9
  6235 | D:7      | Reached skill level 8 in Fighting
  6698 | D:8      | Found an ornate altar of the Wu Jian Council.
  6725 | D:8      | Noticed Pikel
  6733 | D:8      | Paralysed by Pikel for 2 turns
  6737 | D:8      | Killed Pikel
  6738 | D:8      | Reached skill level 9 in Fighting
  6850 | D:8      | Noticed a two-headed ogre
  6875 | D:8      | Reached skill level 1 in Evocations
  6893 | D:8      | Killed a two-headed ogre
  6894 | D:8      | Reached skill level 5 in Evocations
  7163 | D:8      | Reached XP level 10. HP: 74/92 MP: 10/10
  7365 | D:8      | Reached skill level 10 in Fighting
  7532 | D:8      | Reached skill level 10 in Unarmed Combat
  7613 | D:8      | Found a blossoming altar of Fedhas.
  7697 | D:8      | Reached skill level 11 in Fighting
  7946 | D:8      | Noticed a cyclops
  7964 | D:8      | Killed a cyclops
  7965 | D:8      | Reached skill level 5 in Dodging
  8308 | D:9      | Found a staircase to the Orcish Mines.
  8350 | D:9      | Found Tilimena's Armour Emporium.
  8424 | D:9      | Reached skill level 12 in Fighting
  8513 | D:9      | Reached **** piety under Ashenzari
  8604 | D:9      | Bought a +1 pair of boots of rampaging for 181 gold pieces
  9027 | D:9      | Reached XP level 11. HP: 110/110 MP: 11/11
  9527 | D:10     | Entered Level 10 of the Dungeon
  9666 | D:10     | Reached ***** piety under Ashenzari
  9708 | D:10     | Reached skill level 13 in Fighting
  9943 | D:10     | Found a runed translucent door.
  9947 | D:10     | Found a basalt altar of Yredelemnul.
 10337 | D:10     | Identified the cursed orb of Panopticon {*channel, Melee,
                  | Sorc} (You found it on level 4 of the Dungeon)
 10664 | D:10     | Identified the cursed +1 pair of gloves "Shackled Together"
                  | {Dev, Fort} (You found it on level 3 of the Dungeon)
 10770 | D:11     | Noticed a white ugly thing
 10778 | D:11     | Killed a white ugly thing
 10807 | D:11     | Noticed a sun demon
 10928 | D:11     | Noticed Josephine
 10953 | D:11     | Killed Josephine
 11330 | D:11     | Noticed Lodul
 11349 | D:11     | Killed Lodul
 11479 | D:11     | Reached skill level 10 in Shapeshifting
 11499 | D:11     | Noticed a boulder beetle
 11507 | D:11     | Reached XP level 12. HP: 117/122 MP: 12/12
 11514 | D:11     | Killed a boulder beetle
 11556 | D:11     | Found a staircase to the Lair.
 11672 | D:11     | Killed Erolcha
 12080 | D:11     | Noticed Sonja
 12091 | D:11     | Killed Sonja
 12238 | Lair:1   | Entered Level 1 of the Lair of Beasts
 12441 | Lair:1   | Found a frozen archway.
 12523 | IceCv    | Entered an ice cave
 12611 | IceCv    | Noticed a death yak
 12623 | IceCv    | Noticed a death yak
 12628 | IceCv    | Killed a death yak
 12635 | IceCv    | Killed a death yak
 12788 | IceCv    | Noticed a death yak
 12794 | IceCv    | Killed a death yak
 12795 | IceCv    | Reached skill level 14 in Fighting
 13143 | IceCv    | Noticed a death yak
 13166 | IceCv    | Killed a death yak
 13174 | IceCv    | Reached XP level 13. HP: 77/125 MP: 13/13
 13339 | IceCv    | Noticed a frost giant
 13351 | IceCv    | Killed a frost giant
 14274 | Lair:1   | Reached skill level 15 in Fighting
 14530 | Lair:2   | Noticed Nergalle
 14550 | Lair:2   | HP: 1/119 [Nergalle/bolt of negative energy (17)]
 14550 | Lair:2   | Mangled by a spectral orc warlord

Illustrated notes

Levels and vault maps discovered:
D:1:      psy_arrival_terrarium, layout_basic,
          hellmonk_ecumenical_altar_heavens_door, chequers_serial_rivers_room_a,
          dk_noncrumbling_3, minmay_unequal
D:2:      layout_loops_ring, pf_guarded_unrand_delatra, uniq_terence
D:3:      layout_loops_ring, gup_sewer_entry_bowl, minmay_misc_feat_pillars
D:4:      layout_basic, gammafunk_temple_overflow_elements,
          minmay_temple_entry_hall, serial_shops, shop, shop,
          nicolae_shop_scrapyard
D:5:      layout_basic, mainiacjoe_overflow_six_doors_small,
          mainiacjoe_overflow_24_doors
D:6:      layout_basic, grunt_ashenzari_visionary
          [grunt_ashenzari_visionary_swamp, grunt_ashenzari_visionary_snake],
          mainiacjoe_overflow_brackets, lightli_ossuary_entry_decrepit_ruins
D:7:      layout_basic, minmay_increasing_density
D:8:      layout_basic, nzn_wu_jian_contemplation, fedhas_altar_2,
          minmay_misc_feat_roman, minivault_22, hangedman_decor_clover_reticule,
          hangedman_decor_opposing, minmay_pinched_square, uniq_pikel
D:9:      layout_grid_maze, orc_david_3, hangedman_incinerator
D:10:     layout_stronghold, dk_yredelemnul_ordeal
D:11:     layout_roguey [special_room_orc], david_lair_generic, nicolae_sextant,
          disabler_island, uniq_lodul, uniq_josephine, uniq_erolcha, uniq_sonja
Temple:   nicolae_temple_ecumenical_triangle
Lair:1:   layout_cave_pods, portal_ice_cave_rime, st_stairs_13,
          cheibrodos_lair_reptile_den
Lair:2:   layout_gridlike, skrybe_swamp_entry_bodies,
          nicolae_snake_entry_warm_welcome, infiniplex_staircase_pool_2,
          uniq_nergalle

Skill      XL: |  1  2  3  4  5  6  7  8  9 10 11 12 13 |
---------------+----------------------------------------+-----
Unarmed Combat | 4 5 6 7 8 9 11 12 | 12.3
Shapeshifting  | 4 5 7 10 13 | 13.5
Fighting       | 3 7 9 12 13 14 15 | 15.0
Dodging        | 3 5 6 7 |  7.8
Evocations     | 5 |  5.5

Action                     |  1- 3 |  4- 6 |  7- 9 | 10-12 | 13-15 || total
---------------------------+-------+-------+-------+-------+-------++-------
  Melee: Unarmed           |    87 |   165 |   280 |   544 |    81 ||  1157
         Tailslap          |     9 |    14 |    53 |   102 |    11 ||   189
         Punch             |     2 |     3 |     6 |     3 |     6 ||    20
         Bite              |       |       |       |     3 |    12 ||    15
  Throw: Stone             |       |     2 |     7 |       |       ||     9
         Dart              |       |     7 |     1 |       |       ||     8
         Boomerang         |       |       |     1 |       |       ||     1
 Invoke: Curse Item        |     2 |       |     3 |     2 |       ||     7
Ability: Breathe Dispellin |       |       |     3 |     2 |       ||     5
  Evoke: Wand              |       |       |     2 |    12 |       ||    14
    Use: Potion            |       |     3 |       |       |       ||     3
         Scroll            |       |       |       |     1 |       ||     1
   Stab: Sleeping          |     4 |     3 |     1 |       |     2 ||    10
         Distracted        |       |       |     1 |       |       ||     1
         Paralysed         |       |       |       |     6 |       ||     6
         Invisible         |       |       |       |     3 |       ||     3
 Armour: Skin              |    38 |    56 |   111 |   191 |    40 ||   436
  Dodge: Dodged            |    37 |    71 |   166 |   427 |    51 ||   752
   Form: Flux              |       |       |     1 |     1 |       ||     2
         Serpent           |       |       |       |     1 |       ||     1
         Dragon            |       |       |       |     1 |       ||     1
